Unix NetHack Version 5.0.0-0 post-release - last build May 31 2026 23:59:36 (970b52f25bf058293b47ddfd14a1e40e571c508c,branch:main).

Game began 2026-06-04 16:41:53, ended 2026-06-05 03:55:58.

KraJa, lawful female dwarven Cavewoman

                          --------------------------
                          |...aq@.f........^N.....>|
                          |.----------------.......|
                          |.|         ------.-------
                          |.|         |...........|
                          |.|         |0.........0|
                          |.|         |----.--------
                          |.|         |..........).|
                          |.|         |............|
                          |.|------   --------.-----
                          |.|$$$0.|--  |..........|
                          |%|$$$$.-.|  |....[.....|
                          |.|.$$$$|-|  --.........|
                          |..%%$$$+.|   ----.-------
                          --|.%$$$|-|     |........|
                            |$$$.$+.|     |........|
                            |$$...|--     ------...|
                            -------            -----
KraJa the Wanderer       St:16 Dx:15 Co:20 In:9 Wi:12 Ch:9  Lawful
Dlvl:6  $:787 HP:0(92) Pw:23(23) AC:-3 Xp:9/3857 T:17499 

Latest messages:
 You swap places with your large cat.
 What do you want to write with? [- bcenEFN or ?*]
 You write in the dust with your fingertip.
 The leocrotta turns to flee.
 The leocrotta turns to flee.
 You hear some noises in the distance.
 The leocrotta turns to flee.
 The leocrotta turns to flee.
 The leocrotta turns to flee.
 The leocrotta turns to flee.
 You hear some noises in the distance.
 You have a sad feeling for a moment, then it passes.
 The leocrotta turns to flee.
 The leocrotta hits!
 You stop searching.
 The leocrotta misses!
 The leocrotta hits!
 The leocrotta hits!
 The leocrotta misses!
 The leocrotta hits!
 What do you want to write with? [- bcenEFN or ?*]
 Do you want to add to the current engraving? [ynq] (y)
 You wipe out the message that was written in the dust here.
 You write in the dust with your fingertip.
 The leocrotta hits!
 The leocrotta just misses!
 The leocrotta misses!
 What do you want to write with? [- bcenEFN or ?*]
 Do you want to add to the current engraving? [ynq] (y)
 You wipe out the message that was written in the dust here.
 You write in the dust with your fingertip.
 Something is written here in the dust.
 You read: "Elb:ret@".
 You see no objects here.
 What do you want to write with? [- bcenEFN or ?*]
 Do you want to add to the current engraving? [ynq] (y)
 You wipe out the message that was written in the dust here.
 You write in the dust with your fingertip.
 The leocrotta hits!
 The leocrotta bites!
 The leocrotta misses!
 The leocrotta hits!
 The leocrotta bites!
 The leocrotta misses!
 You stop.  Your large cat is in the way!
 The leocrotta hits!
 The leocrotta bites!
 The leocrotta hits!
 You die...
 Do you want your possessions identified? [ynq] (y)

Inventory:
 Coins    ('$')
  $ - 787 gold pieces
 Weapons  (')')
  b - an uncursed +0 aklys named @ (tethered to right hand)
 Armor    ('[')
  H - a blessed +2 orcish helm named @ (being worn)
  B - an uncursed +0 pair of iron shoes named @ (being worn)
  X - an uncursed +0 elven shield named @ (being worn)
  z - an uncursed +0 elven cloak
  C - an uncursed +0 elven cloak named @ (being worn)
  M - an uncursed +0 mummy wrapping named @
  G - a cursed +0 mummy wrapping
  A - an uncursed +0 elven mithril-coat named TPS@0 (being worn)
 Comestibles  ('%')
  I - 2 uncursed strawberries
  j - 2 uncursed food rations
  y - an uncursed fortune cookie
  x - an uncursed orange
  g - 2 uncursed tripe rations
  K - an uncursed homemade tin of jackal meat
  d - an uncursed partly eaten lizard corpse
  D - 2 uncursed lizard corpses
 Spellbooks  ('+')
  s - an uncursed spellbook of levitation
 Potions  ('!')
  O - an uncursed potion of blindness
 Rings    ('=')
  F - an uncursed ring of levitation
 Wands    ('/')
  c - an uncursed wand of cold named @ (0:3)
  N - an uncursed wand of digging named @ (0:4)
  E - an uncursed wand of magic missile (0:4)
  n - an uncursed wand of striking (0:1)
  e - an uncursed wand of striking named @ (0:0)
 Tools    ('(')
  L - an uncursed leash named @
  l - an uncursed oil lamp named @
  p - an uncursed +0 pick-axe named @
  k - an uncursed skeleton key named @
  u - an uncursed +0 unicorn horn named @

KraJa the Cavewoman's attributes:

Background:
 You were a Wanderer, a level 9 dwarven Cavewoman.
 You were lawful, on a mission for Anu
 who was opposed by Ishtar (neutral) and Anshar (chaotic).
 You started out male.
 You were right-handed.
 You were in Sokoban, on level 6.
 You entered the dungeon 17499 turns ago.
 It was nighttime.
 You had 3857 experience points, 1263 more were needed to attain level 10.

Basics:
 You had 0 out of 92 hit points.
 You had all 23 energy points (spell power).
 Your armor class was -3.
 Your wallet contained 787 zorkmids.
 Autopickup was on for all types, with exceptions.

Final Characteristics:
 Your strength was 16 (limit:18/100).
 Your dexterity was 15 (limit:20).
 Your constitution was 20 (limit:20).
 Your intelligence was 9 (limit:16).
 Your wisdom was 12 (limit:16).
 Your charisma was 9 (limit:16).

Final Status:
 You weren't hungry.
 You were unencumbered.
 You were wielding a club.
 You had expert skill with club.

Final Attributes:
 You were piously aligned.
 You were sleep resistant.
 You were poison resistant.
 You were telepathic.
 You had infravision.
 You were stealthy.
 You were guarded.
 You were fast.
 You are dead.

Miscellaneous:
 You didn't encounter any bones levels.
 Total elapsed playing time was 3 hours, 36 minutes and 19 seconds.

Major events:
 Turn
    1: KraJa the lawful dwarven Caveman entered the dungeon
 2567: attained the rank of Aborigine (level 3)
 4648: entered the Gnomish Mines
 6715: reached Mine Town
 8546: attained the rank of Wanderer (level 6)
12770: entered Sokoban
13940: completed 1st Sokoban level
15038: completed 2nd Sokoban level
15348: completed 3rd Sokoban level
17229: completed 4th Sokoban level
17499: killed by a leocrotta

You didn't know any spells.

Skills:
 Fighting Skills
   bare handed combat [Basic]
 Weapon Skills
   dagger             [Unskilled]
   knife              [Unskilled]
   axe                [Unskilled]
   pick-axe           [Unskilled]
   club               [Expert]
   mace               [Unskilled]
   morning star       [Unskilled]
   flail              [Unskilled]
   hammer             [Unskilled]
   quarterstaff       [Unskilled]
   polearms           [Unskilled]
   spear              [Unskilled]
   trident            [Unskilled]
   bow                [Unskilled]
   sling              [Basic]
   boomerang          [Unskilled]
   unicorn horn       [Unskilled]
 Spellcasting Skills
   attack spells      [Unskilled]
   matter spells      [Unskilled]

Voluntary challenges:
 Character rerolling was not enabled.
 You never genocided any monsters.
 You never polymorphed an object.
 You used no wishes.
 You violated the special Sokoban rules twice.
Achievements:
 You attained the rank of Aborigine.
 You entered the Gnomish Mines.
 You entered Minetown.
 You attained the rank of Wanderer.
 You entered a shop.
 You entered Sokoban.

 The Dungeons of Doom: levels 1 to 11
    Level 1:
       A fountain.
    Level 2:
       A fountain.
       Stairs down to The Gnomish Mines.
    Level 3:
       A general store, some fountains, a sink.
    Level 4:
       Some fountains.
    Level 5: "V"
    Level 6:
       A fountain, a grave.
    Level 7:
    Level 8:
    Level 9:
       Many fountains.
    Level 10:
       Stairs up to Sokoban, level 9.
    Level 11:
       A fountain.
 The Gnomish Mines: levels 3 to 7
    Level 3:
    Level 4:
    Level 5:
       An altar to Anu, some fountains.
    Level 6:
    Level 7:
 Sokoban: levels 9 up to 6
    Level 6: <- You were here.
       Solved.
       Final resting place for
          you, killed by a leocrotta.
    Level 7:
       Solved.
    Level 8:
       Solved.
    Level 9:
       Solved.


Vanquished creatures:
  a giant mimic
  a wumpus
 an air elemental
  a warg
 an ogre leader
  a quantum mechanic
  a troll
  a sasquatch
  a large dog
  a shocking sphere
  5 large cats
  2 tigers
 an ochre jelly
  a mountain centaur
  a wraith
 an ettin zombie
  a Grey-elf
  2 chameleons
  a giant beetle
  a cockatrice
  5 wolves
  a panther
  2 gremlins
  2 leprechauns
  4 orc-captains
 an iron piercer
  a scorpion
  a horse
  a black light
  a vampire bat
  a forest centaur
 an ogre
  a rust monster
  a gold golem
  2 Green-elves
  3 lizards
  a dog
  2 housecats
  2 jaguars
  a dwarf leader
  a gray unicorn
  a black unicorn
  2 ravens
  a plains centaur
  a gnome mummy
  4 human zombies
  a Woodland-elf
  a bugbear
 an imp
  2 wood nymphs
  2 water nymphs
  4 mountain nymphs
 12 Mordor orcs
  4 Uruk-hai
  3 orc shamans
  3 rock piercers
  2 fog clouds
  8 yellow lights
  a shrieker
  a violet fungus
  2 gnome leaders
  a kobold mummy
  a guardian naga hatchling
 an elf zombie
  a ghoul
  a straw golem
  4 giant ants
  2 little dogs
  5 floating eyes
  2 kittens
  3 dwarves
  a homunculus
  a kobold leader
  a kobold shaman
 14 hill orcs
  7 rothes
  a centipede
  9 orc zombies
  a dwarf zombie
  3 wererats
  2 werejackals
  6 iguanas
  5 acid blobs
  3 gas spores
  4 hobbits
  9 manes
  a large kobold
  2 hobgoblins
 10 giant rats
  2 cave spiders
  3 brown molds
  a yellow mold
  2 green molds
  2 red molds
 19 gnomes
  5 garter snakes
  5 gnome zombies
  7 geckos
 21 jackals
  6 foxes
  6 kobolds
  8 goblins
  3 sewer rats
 17 grid bugs
  6 bats
 15 lichens
  7 kobold zombies
 14 newts
367 creatures vanquished.

No species were genocided or became extinct.

Game over:
                       ----------
                      /          \
                     /    REST    \
                    /      IN      \
                   /     PEACE      \
                  /                  \
                  |      KraJa       |
                  |      787 Au      |
                  |   killed by a    |
                  |    leocrotta     |
                  |                  |
                  |                  |
                  |       2026       |
                 *|     *  *  *      | *
        _________)/\\_//(\/(/\)/\//\/|_)_______

Goodbye KraJa the Cavewoman...

You died in Sokoban on dungeon level 6 with 16687 points,
and 787 pieces of gold, after 17499 moves.
You were level 9 with a maximum of 92 hit points when you died.

